 Dungeon Crawl Stone Soup version 0.21.1-1-g345015f (webtiles) character file.

179 Fang the Skirmisher (level 5, 0/51 HPs)
             Began as a Gargoyle Berserker on June 11, 2018.
             Was a Believer of Trog.
             Slain by a worm (2 damage)
             ... on level 2 of the Dungeon.
             The game lasted 00:01:35 (1020 turns).

Fang the Skirmisher (Gargoyle Berserker)            Turns: 1020, Time: 00:01:36

Health: 0/51       AC: 22    Str: 22    XL:     5   Next: 59%
Magic:  5/5        EV:  2    Int:  7    God:    Trog [**....]
Gold:   94         SH:  0    Dex:  9    Spells: 4/4 levels left

rFire    . . .     SeeInvis .   a - +0 hand axe
rCold    . . .     Gourm    .   (no shield)
rNeg     + + +     Faith    .   (armour currently unavailable)
rPois    ∞         Spirit   .   (helmet currently unavailable)
rElec    .         Reflect  .   (cloak currently unavailable)
rCorr    .         Harm     .   (gloves currently unavailable)
MR       .....     NoTele   +   (boots currently unavailable)
Stlth    +.........             (no amulet)
HPRegen  0.17/turn              (no ring)
MPRegen  0.09/turn              (no ring)

@: tree-form, berserk cooldown
A: negative energy resistance 1, petrification resistance, rot immunity, AC +4
a: Berserk, Trog's Hand, Burn Spellbooks, Renounce Religion


You were on level 2 of the Dungeon.
You worshipped Trog.
Trog was pleased with you.
You were near starving.
You were a tree.
You visited 1 branch of the dungeon, and saw 2 of its levels.

You collected 94 gold pieces.

Inventory:

Hand Weapons
 a - a +0 hand axe (weapon)
Armour
 b - a +0 animal skin (melded)
Jewellery
 k - an uncursed ring of stealth {unknown}
Scrolls
 d - a scroll of amnesia {unknown}
 h - a scroll of teleportation {unknown}
 j - a scroll of remove curse {unknown}
 l - a scroll of identify {unknown}
 m - a scroll of blinking {unknown}
Potions
 e - a potion of curing {unknown}
 f - a potion of lignification
 g - a potion of berserk rage {unknown}
 i - a potion of ambrosia {unknown}
Comestibles
 c - 2 rations


   Skills:
 + Level 4.5 Fighting
 + Level 4.4 Axes
 + Level 2.3 Armour
 + Level 2.2 Dodging


You had 4 spell levels left.
You didn't know any spells.

Dungeon Overview and Level Annotations

Branches:
Dungeon (2/15)

Altars:


Innate Abilities, Weirdness & Mutations

You are resistant to torment.
((Your stone body is resilient. (AC +4)))
You are immune to poison.
You resist negative energy. (rN+)
((You are resistant to electric shocks. (rElec)))
((You can survive without breathing.))
You are immune to petrification.
You are immune to rotting.


Message History

The worm is severely wounded.
The worm bites you but does no damage.
You slash the worm!
You kill the worm!
Trog accepts your kill.
You barely miss the worm. The worm bites you.
* * * LOW HITPOINT WARNING * * *
You hit the worm but do no damage.
You feel yourself speed up. The worm bites you but does no damage.
You hit the worm but do no damage. The worm bites you.
* * * LOW HITPOINT WARNING * * *
You hit the worm but do no damage. You hit the worm.
The worm is moderately wounded.
The worm bites you but does no damage.
You hit the worm.
The worm is moderately wounded.
The worm bites you.
You die...

######.####.############.
#.# #.# #. #.## #.# #.
#..# #.# #. ##.###.# #.
#..##.# #. ##.##.#
#######. #(##.# #.......
#♣# #.###... #w# #.##
.............# #...
.............# ####
.............# #.
.............# #.
.............# #.
.............# #[
....!........# #<


You could see a worm.

Vanquished Creatures
  A black bear (D:2)
  A gnoll (D:1)
  4 adders (D:2)
  An adder zombie (D:2)
  A worm (D:2)
  4 dart slugs
  A leopard gecko (D:1)
  2 ball pythons (D:1)
  3 bats
  A giant cockroach (D:1)
  4 goblins
  A hobgoblin (D:1)
  4 jackals (D:1)
  A frilled lizard (D:1)
  6 kobolds
  6 rats
41 creatures vanquished.

Notes
Turn   | Place    | Note
-------+----------+-------------------------------------------
     0 | D:1      | Fang the Gargoyle Berserker began the quest for the Orb.
     0 | D:1      | Reached XP level 1. HP: 14/14 MP: 1/1
   170 | D:1      | Reached XP level 2. HP: 19/19 MP: 2/2
   210 | D:1      | Reached XP level 3. HP: 20/24 MP: 3/3
   477 | D:1      | Reached ** piety under Trog
   891 | D:2      | Reached XP level 4. HP: 29/29 MP: 4/4
   967 | D:2      | Noticed a black bear
   975 | D:2      | Killed a black bear
   975 | D:2      | Reached XP level 5. HP: 34/34 MP: 5/5
  1017 | D:2      | HP: 1/51 [worm (4)]
  1020 | D:2      | Slain by a worm

Skill      XL: |  1  2  3  4 |
---------------+-------------+-----
Axes           | 3 4 |  4.4
Fighting       | 4 |  4.5
Dodging        | 2 |  2.2
Armour         | |  2.3

Action                   |  1- 3 |  4- 6 || total
-------------------------+-------+-------++-------
Melee: Hand axe          |   101 |    54 ||   155
Invok: Berserk           |       |     1 ||     1
  Use: Potion            |       |     1 ||     1
Armor: Animal skin       |    40 |    18 ||    58
       Skin              |       |    10 ||    10
Dodge: Dodged            |    71 |    22 ||    93
